 Dungeon Crawl Stone Soup version 0.19-a0-1792-g28b16ba (webtiles) character file.

301 Alarkh the Slasher (level 6, -1/44 HPs)
             Began as a Mummy Skald on Oct 4, 2016.
             Was an Initiate of Okawaru.
             Slain by an ogre
             ... wielding a +0 giant club
              (19 damage)
             ... on level 3 of the Dungeon.
             The game lasted 00:06:14 (3433 turns).

Alarkh the Slasher (Mummy Skald)                    Turns: 3433, Time: 00:06:14

Health: -1/44      AC:  3    Str: 15    XL:     6   Next: 14%
Magic:  6/9        EV: 11    Int: 13    God:    Okawaru [......]
Gold:   127        SH:  0    Dex: 12    Spells: 3 memorised, 3 levels left

rFire  x . .     SeeInvis +     a - +0 falchion
rCold  + . .     Gourm    .     i - +0 leather armour
rNeg   + + +     Faith    .     (no shield)
rPois  ∞         Spirit   .     (no helmet)
rElec  .         Dismiss  .     (no cloak)
rCorr  .         Reflect  .     (no gloves)
MR     .....     Harm     .     (no boots)
Stlth  ..........               (no amulet)
                                m - ring of loudness (curse)
                                k - ring of see invisible

@: infused
A: no food or potions, fire vulnerability, cold resistance 1, negative energy
resistance 3, torment resistance, unbreathing
a: Renounce Religion


You were on level 3 of the Dungeon.
You worshipped Okawaru.
Okawaru was noncommittal.
You were not hungry.

You visited 1 branch of the dungeon, and saw 4 of its levels.

You collected 127 gold pieces.

Inventory:

Hand Weapons
 a - a +0 falchion (weapon)
 b - a +1 dagger of venom
Armour
 i - a +0 leather armour (worn)
Jewellery
 k - a ring of see invisible (left hand)
 m - a cursed ring of loudness (right hand)
 n - a cursed ring of protection from fire {unknown}
 o - a +6 ring of intelligence {unknown}
Scrolls
 d - a scroll of amnesia {unknown}
 e - a scroll of identify
 f - a scroll of immolation {unknown}
 g - a scroll of noise
 h - 2 scrolls of magic mapping
 j - 2 scrolls of teleportation
 l - a scroll of remove curse {unknown}
Books
 c - a book of Battle

   Spells                             Type                      Level
   a - Infusion                       Charms                       1
   b - Shroud of Golubria             Charms/Translocation         2
   c - Song of Slaying                Charms                       2
   d - Spectral Weapon                Hexes/Charms                 3
   e - Regeneration                   Charms/Necromancy            3


   Skills:
 - Level 2.0 Fighting
 + Level 5.4 Long Blades
 - Level 0.7 Armour
 - Level 0.7 Dodging
 - Level 2.0 Spellcasting
 - Level 2.4 Charms


You had 3 spell levels left.
You knew the following spells:

 Your Spells              Type           Power        Failure   Level  Hunger
a - Infusion              Chrm           #...         14%         1    N/A
b - Shroud of Golubria    Chrm/Tloc      #.........   30%         2    N/A
c - Spectral Weapon       Hex/Chrm       #.......     65%         3    N/A

Dungeon Overview and Level Annotations

Branches:
Dungeon (4/15)
 Temple: D:4-7

Altars:
Nemelex Xobeh
Okawaru


Innate Abilities, Weirdness & Mutations

You do not eat or drink.
Your flesh is vulnerable to fire.
You are immune to poison.
Your flesh is cold resistant. (rC+)
You are immune to negative energy. (rN+++)
You are immune to unholy pain and torment.
You can survive without breathing.


Message History

You start resting.
Your magical infusion is running out.
You start resting.
Magic restored.
You start resting.
You are no longer magically infusing your attacks.
You start resting.
HP restored.
Casting: Infusion
Confirm with . or Enter, or press ? or * to list all spells.
Space distorts slightly along a thin shroud covering your body.
Casting: Shroud of Golubria
Confirm with . or Enter, or press ? or * to list all spells.
You begin infusing your attacks with magical energy.
You climb downwards.
The ogre hits you with a giant club!!
Ouch! That really hurt!
Your shroud falls apart!
There is a stone staircase leading up here.
The ogre hits you with a giant club!!
You die...

####..###.##..######.#........
#......##.##........%#......##
#....#...>..........##..)...##
#...####[.#.........##........
#........O##........####..####
#...####..#######........#####
#...# #..#######..#..........
##### #..#.........(.#.......
###########....O@................
#..............####..#..##.......
....................##..#########
#.############...#......########
#.############.#......#........##
.................................
###########.......########..###>#
#.......# ##.....# #########
#######


You could see an ogre.

Vanquished Creatures
  Jessica (D:2)
  Ijyb (D:3)
  Natasha (thrice) (D:3)
  An orc wizard (D:3)
  A worker ant (D:3)
  4 gnolls
  4 adders
  A worm (D:3)
  2 leopard geckos
  An orc (D:2)
  2 ball pythons
  4 giant cockroaches
  6 hobgoblins
  A quokka (D:3)
  9 bats
  3 frilled lizards
  5 goblins
  6 kobolds
  2 rats
57 creatures vanquished.

Notes
Turn   | Place    | Note
-------+----------+-------------------------------------------
     0 | D:1      | Alarkh the Mummy Skald began the quest for the Orb.
     0 | D:1      | Reached XP level 1. HP: 16/16 MP: 3/3
   183 | D:1      | Reached skill level 2 in Long Blades
   207 | D:1      | Reached XP level 2. HP: 14/22 MP: 0/5
   483 | D:1      | Reached skill level 3 in Long Blades
   483 | D:1      | Reached XP level 3. HP: 12/27 MP: 1/6
   663 | D:2      | Learned a level 2 spell: Shroud of Golubria
   667 | D:2      | Learned a level 3 spell: Spectral Weapon
   753 | D:2      | Found a sparkling altar of Nemelex Xobeh.
   877 | D:2      | Noticed Jessica
   892 | D:2      | Killed Jessica
   892 | D:2      | Reached XP level 4. HP: 26/33 MP: 0/7
  1070 | D:3      | Found an iron altar of Okawaru.
  1116 | D:3      | Became a worshipper of Warmaster Okawaru
  1156 | D:3      | Noticed Natasha
  1195 | D:2      | Reached skill level 4 in Long Blades
  1580 | D:3      | Killed Natasha
  1667 | D:3      | Reached XP level 5. HP: 34/38 MP: 0/8
  1770 | D:3      | Noticed Natasha
  1780 | D:3      | Killed Natasha
  1963 | D:3      | Noticed Ijyb
  1979 | D:3      | Killed Ijyb
  1987 | D:3      | Noticed Natasha
  2159 | D:3      | Killed Natasha
  2159 | D:3      | Reached skill level 5 in Long Blades
  2722 | D:3      | Reached XP level 6. HP: 40/44 MP: 2/9
  3433 | D:3      | Slain by an ogre

Vault maps used:
D:1:      shiori_arrival_oz
D:2:      nemelex_spade_bored_becter, uniq_jessica
D:3:      nrook_loot_triangle, okawaru_ov_weapons_minmay, uniq_iyjb,
          uniq_natasha
D:4:      nicolae_overflow_quartered_altars, first_bread

Skill      XL: |  1  2  3  4  5 |
---------------+----------------+-----
Long Blades    | 2 3 4 5 |  5.4
Fighting       | |  2.0
Armour         | |  0.7
Dodging        | |  0.7
Spellcasting   | |  2.0
Charms         | |  2.4

Action                   |  1- 3 |  4- 6 || total
-------------------------+-------+-------++-------
Melee: Falchion          |    41 |   120 ||   161
       Dagger            |    16 |       ||    16
 Cast: Infusion          |    16 |    26 ||    42
       Shroud of Golubri |       |    15 ||    15
  Use: Scroll            |       |     3 ||     3
Armor: Leather armour    |    29 |    33 ||    62
Dodge: Dodged            |    38 |    86 ||   124
       Rpst.: Falchion   |    10 |    21 ||    31
